 Dungeon Crawl Stone Soup version 0.26.1-2-gb8aa6d0 (webtiles) character file.

Game seed: 3084004957595500964

96 Silicrad the Chucker (level 4, -1/52 HPs)
             Began as a Human Hunter on July 25, 2021.
             Slain by a wyvern (6 damage)
             ... on level 4 of the Dungeon on July 30, 2021.
             The game lasted 00:17:44 (3218 turns).

Silicrad the Chucker (Human Hunter)                 Turns: 3218, Time: 00:17:45

Health: -1/52      AC: 22    Str: 12    XL:     4   Next: 98%
Magic:  4/4        EV:  2    Int: 12    God:
Gold:   166        SH:  5    Dex: 14    Spells: 3/3 levels left

rFire    . . .     SeeInvis +   s - +0 hunting sling
rCold    . . .     Faith    .   (no shield)
rNeg     + + +     Spirit   .   (armour currently unavailable)
rPois    +         Reflect  +   (helmet currently unavailable)
rElec    .         Harm     .   (cloak currently unavailable)
rCorr    .         Rampage  .   (gloves currently unavailable)
Will     .....     NoTele   +   (boots currently unavailable)
Stlth    ++........             p - amulet of reflection
HPRegen  0.17/turn              f - ring of see invisible
MPRegen  0.09/turn              t - +4 ring of evasion

@: tree-form, very slightly contaminated, invisible
A: no striking features
a: no special abilities


You were on level 4 of the Dungeon.
You were a tree.
You visited 1 branch of the dungeon, and saw 4 of its levels.

You collected 166 gold pieces.

Inventory:

Hand Weapons
 a - a +0 short sword
 l - a +0 mace
 s - a +0 hunting sling (weapon)
 v - a +1 flail of holy wrath
 w - a +0 dagger
 A - a +0 hand axe
Missiles
 c - 6 javelins
 h - 129 stones
 r - 8 boomerangs
 G - 27 sling bullets (quivered ammo)
Armour
 b - a +0 leather armour
 j - a cursed +0 ring mail (melded)
 x - a +2 pair of boots (melded)
 y - a +0 pair of gloves (melded)
 C - a +2 hat (melded)
Jewellery
 f - a ring of see invisible (left branch)
 p - an amulet of reflection (around neck)
 t - a +4 ring of evasion (right branch)
 z - an uncursed amulet of the acrobat
 D - a +6 ring of intelligence
 E - an uncursed ring of ice
Scrolls
 e - 2 scrolls of remove curse {unknown}
 g - a scroll of enchant weapon
 k - 2 scrolls of identify
 m - 2 scrolls of blinking
 o - a scroll of fear {unknown}
 u - a scroll of random uselessness {unknown}
 B - a scroll of teleportation {unknown}
 F - a scroll of enchant armour {unknown}
Potions
 i - 2 potions of flight
 n - a potion of attraction


   Skills:
 + Level 3.0 Fighting
 * Level 1.3 Axes
 + Level 0.4(3.1) Slings
 - Level 5.0 Throwing
 - Level 2.0 Dodging
 - Level 1.3 Stealth


You had 3 spell levels left.
You didn't know any spells.
Your spell library was empty.

Dungeon Overview and Level Annotations

Branches:
Dungeon (4/15)
 Temple: D:4-7

Altars:
Trog


Message History

The wyvern is moderately wounded.
The wyvern bites you but does no damage.
You block the phantom's attack.
The wyvern bites you but does no damage.
Fire: 29 sling bullets
Press: ? - help, Q - select action, (/) - cycle Shift-Dir - straight line, f/p - wyvern
Aim: a wyvern (moderately wounded, 60% to hit)
You shoot a sling bullet.
The sling bullet closely misses the wyvern.
The wyvern bites you.
* * * LOW HITPOINT WARNING * * *
You block the phantom's attack.
Fire: 28 sling bullets
Press: ? - help, Q - select action, (/) - cycle Shift-Dir - straight line, f/p - wyvern
Aim: a wyvern (lightly wounded, 60% to hit)
You shoot a sling bullet. The sling bullet hits the wyvern.
The wyvern is moderately wounded.
You block the wyvern's attack. The phantom barely misses you.
The wyvern bites you.
You die...

...########.#######
##'########.###...#
..................#
...†..............#
...######.######..#
...# ### #..####...
.... #.........
..... #W......#.
...##########
#♣#######. ####
.......###l#.......
.......#(..#.......
.l.....+...#.......
.......#...#.......
.......#'###.......
#......(.$...#
#............#
+........W...#


You could see a phantom and a wyvern.

Vanquished Creatures
  4 adders
  A worm (D:2)
  A leopard gecko (D:2)
  2 orcs
  3 giant cockroaches
  5 goblins
  10 hobgoblins
  3 quokkas
  A ball python (D:2)
  7 bats
  5 frilled lizards
  6 kobolds
  4 rats
52 creatures vanquished.

Notes
Turn   | Place    | Note
-------+----------+-------------------------------------------
     0 | D:1      | Silicrad the Human Hunter began the quest for the Orb.
     0 | D:1      | Reached XP level 1. HP: 16/16 MP: 1/1
   351 | D:1      | Reached XP level 2. HP: 22/22 MP: 2/2
  1266 | D:2      | Reached XP level 3. HP: 28/28 MP: 3/3
  1595 | D:2      | You fall into a shaft and drop 2 floors!
  1736 | D:2      | Reached XP level 4. HP: 34/34 MP: 4/4
  2014 | D:2      | Found a bloodstained altar of Trog.
  2119 | D:2      | Reached skill level 5 in Throwing
  2603 | D:3      | Reached skill level 1 in Axes
  3182 | D:4      | Noticed a phantom
  3186 | D:4      | Noticed a wyvern
  3218 | D:4      | Slain by a wyvern

Illustrated notes

Levels and vault maps discovered:
D:1:      kennysheep_arrival_forest, layout_basic
D:2:      layout_basic, trog_butcher_becter
D:3:      layout_loops_ring
D:4:      layout_gridville, makhleb_grotto_becter, cheibrodos_sewer_entry_drain,
          uniq_menkaure

Skill      XL: |  1  2  3  4 |
---------------+-------------+-----
Throwing       | 5 |  5.0
Fighting       | 3 |  3.0
Axes           | 1 |  1.3
Slings         | |  0.4
Dodging        | |  2.0
Stealth        | |  1.3

Action                   |  1- 3 |  4- 6 || total
-------------------------+-------+-------++-------
Melee: Short sword       |    54 |       ||    54
       Dagger            |       |     9 ||     9
 Fire: Hunting sling     |    36 |   117 ||   153
Throw: Boomerang         |     7 |    10 ||    17
       Throwing net      |       |     2 ||     2
  Use: Scroll            |       |     9 ||     9
       Potion            |       |     3 ||     3
 Stab: Sleeping          |     2 |       ||     2
       Invisible         |       |     2 ||     2
Armor: Leather armour    |     7 |       ||     7
       Ring mail         |    15 |    17 ||    32
       Skin              |       |    11 ||    11
Dodge: Dodged            |    46 |    30 ||    76
Block: Other             |       |    13 ||    13
